Construct Section Command Post
Selects Heavy Armor Battlegroup
Selects Light Vehicle Withdraw and Refit
Construct Platoon Command Post
Selects Rigorous Vehicle Training
6-pounder Anti-tank Gun Team
Light Vehicle Withdraw and Refit
Unlock Bishop Self-propelled Artillery
Bishop Self-propelled Artillery
6-pounder Anti-tank Gun Team
Bishop Self-propelled Artillery
Selects Forward Repair Assembly
Bishop Self-propelled Artillery
Selects Designate Targets
Bishop Self-propelled Artillery